[ AOE2 MATCH · #475136599 ]
UnrankedTeutons vs Berbers
[ REPLAY ANALYSIS · EXTRACTED FROM THE RECORDED GAME ]
Feudal
12:01
Castle
15:56
Imperial
39:53
| APM avg | 38.2 |
| APM peak | 84 |
| eAPM avg | 24.2 |
| Villagers / military | 202 / 606 |
Focus
⚔️ 33.9% · 🌾 66.1%
Knight ×511 · Trade Cart ×76 · Spearman ×58 · Mangonel ×21 · Trebuchet (Packed) ×15 · Monk ×1
Feudal
11:55
Castle
15:40
Imperial
33:26
| APM avg | 57.3 |
| APM peak | 84 |
| eAPM avg | 35.1 |
| Villagers / military | 127 / 689 |
Focus
⚔️ 33.3% · 🌾 66.7%
Knight ×370 · Cavalry Archer ×279 · Trade Cart ×77 · Fishing Ship ×52 · Battering Ram ×18 · Tarkan ×12
Feudal
12:37
Castle
16:09
Imperial
34:39
| APM avg | 39.8 |
| APM peak | 73 |
| eAPM avg | 25.1 |
| Villagers / military | 193 / 748 |
Focus
⚔️ 47.8% · 🌾 52.2%
Scout Cavalry ×336 · Camel Scout ×214 · Camel Archer ×150 · Trade Cart ×76 · Trebuchet (Packed) ×24 · Knight ×15
Feudal
11:58
Castle
15:45
Imperial
35:40
| APM avg | 37.7 |
| APM peak | 80 |
| eAPM avg | 25.9 |
| Villagers / military | 168 / 1049 |
Focus
⚔️ 57.4% · 🌾 42.6%
Genitour ×526 · Archer ×242 · Spearman ×164 · Trade Cart ×97 · Kamayuk ×85 · Fishing Ship ×43
Feudal
12:40
Castle
16:27
Imperial
36:17
| APM avg | 47.9 |
| APM peak | 94 |
| eAPM avg | 22.9 |
| Villagers / military | 166 / 852 |
Focus
⚔️ 49.5% · 🌾 50.5%
Skirmisher ×311 · Spearman ×270 · Bolas Rider ×257 · Unknown (2550) ×137 · Trade Cart ×59 · Unknown (2633) ×14
Feudal
13:14
Castle
30:57
Imperial
43:53
| APM avg | 38.3 |
| APM peak | 98 |
| eAPM avg | 29.2 |
| Villagers / military | 195 / 1291 |
Focus
⚔️ 45.3% · 🌾 54.7%
Spearman ×797 · Knight ×490 · Trade Cart ×121 · Fishing Ship ×9 · Fire Galley ×2 · Monk ×1
Feudal
12:39
Castle
20:04
Imperial
36:26
| APM avg | 43.3 |
| APM peak | 85 |
| eAPM avg | 27.1 |
| Villagers / military | 186 / 815 |
Focus
⚔️ 47.2% · 🌾 52.8%
Archer ×364 · Berserk ×348 · Trade Cart ×80 · Battering Ram ×42 · Skirmisher ×35 · Mangonel ×10
Feudal
11:48
Castle
15:22
Imperial
34:20
| APM avg | 92.9 |
| APM peak | 162 |
| eAPM avg | 60.1 |
| Villagers / military | 146 / 1025 |
Focus
⚔️ 65.4% · 🌾 34.6%
Spearman ×857 · Battering Ram ×71 · Trade Cart ×67 · Mangonel ×50 · Fishing Ship ×48 · Bombard Cannon ×29
Match map
Initial resources + every placement click. Lines = walls · curves = elevation contours. ◆ gold · ⬟ stone · ● berries · ✦ relic · ◌ wall gap
Your base· ✓ Closed at 15:56 · 24t walls · no gate
Furret's base· ✓ Closed at 15:40 · 1t walls · no gate
Vegetex's base· Open — opponent sealed themselves in
Bambs's base· Open — opponent sealed themselves in
Phoetic's base· Open — opponent sealed themselves in
Trace's base· ✓ Closed at 30:57 · 68t walls · no gate
Spooder's base· ✓ Closed at 20:04 · 47t walls · no gate
Jinada's base· ✓ Closed at 15:22 · 3t walls · no gate
Smoothed initial terrain · ◌ = detected wall gap · hover for details
Inputs per minute
— Deathcounter - - Furret
Build order — Deathcounter
First 150 of 759 actions detected
| 0:00 | Create | Villager (Male) |
| 0:00 | Create | Villager (Male) |
| 0:01 | Create | Villager (Male) |
| 0:01 | Create | Villager (Male) |
| 0:02 | Build | House |
| 0:03 | Build | House |
| 0:16 | Research | Loom |
| 0:29 | Build | Palisade Wall |
| 0:32 | Create | Villager (Male) |
| 0:32 | Create | Villager (Male) |
| 0:32 | Create | Villager (Male) |
| 2:05 | Build | Palisade Wall |
| 2:17 | Build | Palisade Wall |
| 2:22 | Create | Villager (Male) |
| 2:58 | Build | Lumber Camp |
| 3:06 | Create | Villager (Male) |
| 3:06 | Create | Villager (Male) |
| 3:36 | Create | Villager (Male) |
| 4:01 | Create | Villager (Male) |
| 4:25 | Create | Villager (Male) |
| 4:50 | Create | Villager (Male) |
| 5:00 | Build | House |
| 5:08 | Create | Villager (Male) |
| 5:29 | Create | Villager (Male) |
| 5:30 | Create | Villager (Male) |
| 5:59 | Create | Villager (Male) |
| 6:26 | Create | Villager (Male) |
| 6:50 | Create | Villager (Male) |
| 6:59 | Build | House |
| 7:01 | Build | Mill |
| 7:11 | Create | Villager (Male) |
| 7:42 | Create | Villager (Male) |
| 8:05 | Create | Villager (Male) |
| 8:07 | Create | Villager (Male) |
| 8:07 | Create | Villager (Male) |
| 8:35 | Create | Villager (Male) |
| 9:06 | Build | House |
| 9:31 | Research | Feudal Age |
| 9:40 | Build | Mining Camp |
| 11:27 | Create | Villager (Male) |
| 11:27 | Create | Villager (Male) |
| 11:35 | Create | Villager (Male) |
| 12:01 | Age | Feudal Age |
| 12:05 | Research | Double-Bit Axe |
| 12:12 | Build | Market |
| 12:13 | Build | Blacksmith |
| 12:27 | Build | Stone Wall |
| 13:10 | Research | Castle Age |
| 13:10 | Research | Castle Age |
| 13:17 | Build | Outpost |
| 13:33 | Research | Horse Collar |
| 13:57 | Build | Farm |
| 13:58 | Build | Farm |
| 14:19 | Build | Farm |
| 14:21 | Build | Farm |
| 14:36 | Build | Farm |
| 14:38 | Build | Farm |
| 14:55 | Build | House |
| 15:14 | Create | Villager (Male) |
| 15:15 | Create | Villager (Male) |
| 15:32 | Build | Barracks |
| 15:56 | Age | Castle Age |
| 16:06 | Research | Heavy Plow |
| 16:06 | Research | Bow Saw |
| 16:08 | Create | Villager (Male) |
| 16:13 | Build | Farm |
| 16:16 | Build | Farm |
| 16:17 | Create | Villager (Male) |
| 16:32 | Create | Villager (Male) |
| 16:58 | Build | Stable |
| 17:01 | Research | Scale Barding Armor |
| 17:01 | Research | Scale Barding Armor |
| 17:17 | Build | Gate |
| 17:20 | Create | Villager (Male) |
| 17:46 | Create | Villager (Male) |
| 17:51 | Build | House |
| 17:52 | Build | House |
| 17:57 | Create | Knight |
| 17:57 | Create | Knight |
| 18:32 | Create | Villager (Male) |
| 18:50 | Create | Villager (Male) |
| 18:52 | Create | Knight |
| 18:52 | Create | Knight |
| 19:06 | Build | Stable |
| 19:07 | Create | Villager (Male) |
| 19:19 | Create | Knight |
| 19:21 | Create | Villager (Male) |
| 19:24 | Build | Farm |
| 19:24 | Build | Farm |
| 19:25 | Build | Farm |
| 19:26 | Build | Farm |
| 19:48 | Build | Gate |
| 19:52 | Create | Knight |
| 20:04 | Create | Villager (Male) |
| 20:29 | Create | Villager (Male) |
| 20:33 | Create | Knight |
| 20:51 | Build | Lumber Camp |
| 21:08 | Create | Villager (Male) |
| 21:19 | Create | Villager (Male) |
| 21:21 | Build | Farm |
| 21:26 | Build | Farm |
| 21:29 | Build | Farm |
| 21:35 | Create | Villager (Male) |
| 21:40 | Create | Knight |
| 21:48 | Build | Farm |
| 21:49 | Create | Villager (Male) |
| 21:50 | Create | Villager (Male) |
| 21:51 | Create | Knight |
| 21:51 | Create | Knight |
| 22:31 | Create | Villager (Male) |
| 22:32 | Create | Villager (Male) |
| 22:35 | Create | Knight |
| 22:43 | Create | Villager (Male) |
| 22:46 | Build | Farm |
| 22:46 | Build | Farm |
| 22:47 | Build | Farm |
| 22:48 | Build | Farm |
| 22:48 | Build | Farm |
| 23:21 | Create | Knight ×2 |
| 23:22 | Create | Villager (Male) |
| 23:37 | Create | Villager (Male) |
| 23:44 | Create | Villager (Male) |
| 23:49 | Build | Farm |
| 24:07 | Create | Villager (Male) |
| 24:19 | Create | Knight |
| 24:19 | Create | Knight |
| 24:22 | Build | Farm |
| 24:49 | Create | Knight |
| 25:03 | Create | Villager (Male) |
| 25:03 | Create | Villager (Male) |
| 25:03 | Create | Villager (Male) |
| 25:42 | Create | Knight ×2 |
| 25:56 | Create | Villager (Male) |
| 26:07 | Build | Stable |
| 26:11 | Build | Mill |
| 26:12 | Build | Farm |
| 26:13 | Build | Farm |
| 26:13 | Build | Farm |
| 26:13 | Build | Farm |
| 26:13 | Build | Farm |
| 26:13 | Build | Farm |
| 26:13 | Build | Farm |
| 26:14 | Build | Farm |
| 26:14 | Build | Farm |
| 26:35 | Create | Villager (Male) |
| 26:35 | Create | Villager (Male) |
| 26:43 | Create | Villager (Male) |
| 26:44 | Create | Villager (Male) |
| 27:11 | Create | Villager (Male) |
| 27:21 | Create | Villager (Male) |
Build order — Furret
First 150 of 676 actions detected
| 0:35 | Create | Villager (Male) |
| 0:35 | Create | Villager (Male) |
| 0:35 | Create | Villager (Male) |
| 0:36 | Create | Villager (Male) |
| 2:05 | Create | Villager (Male) |
| 2:18 | Create | Villager (Male) |
| 2:19 | Create | Villager (Male) |
| 2:32 | Build | Lumber Camp |
| 2:48 | Create | Villager (Male) |
| 3:13 | Create | Villager (Male) |
| 3:41 | Create | Villager (Male) |
| 4:26 | Create | Villager (Male) |
| 4:45 | Create | Villager (Male) |
| 5:11 | Create | Villager (Male) |
| 5:32 | Build | Dock |
| 5:44 | Create | Villager (Male) |
| 6:01 | Create | Villager (Male) |
| 6:10 | Create | Fishing Ship |
| 6:21 | Create | Villager (Male) |
| 6:24 | Create | Fishing Ship |
| 6:27 | Create | Villager (Male) |
| 6:44 | Create | Villager (Male) |
| 6:56 | Create | Fishing Ship |
| 7:11 | Create | Villager (Male) |
| 7:22 | Create | Villager (Male) |
| 7:44 | Build | Mill |
| 8:06 | Create | Villager (Male) |
| 8:07 | Create | Fishing Ship |
| 8:33 | Create | Fishing Ship |
| 9:00 | Create | Fishing Ship |
| 9:13 | Create | Villager (Male) |
| 9:34 | Research | Feudal Age |
| 9:51 | Build | Mining Camp |
| 10:33 | Create | Villager (Male) |
| 10:34 | Create | Villager (Male) |
| 10:41 | Build | Barracks |
| 11:45 | Build | Palisade Wall |
| 11:55 | Age | Feudal Age |
| 12:02 | Build | Archery Range |
| 12:09 | Build | Blacksmith |
| 12:30 | Create | Fishing Ship |
| 13:00 | Research | Castle Age |
| 13:14 | Create | Fishing Ship |
| 13:50 | Research | Double-Bit Axe |
| 14:04 | Research | Fletching |
| 14:27 | Create | Villager (Male) |
| 14:33 | Build | Fish Trap |
| 14:56 | Build | Fish Trap |
| 15:03 | Create | Fishing Ship |
| 15:40 | Age | Castle Age |
| 15:43 | Build | Siege Workshop |
| 15:46 | Create | Cavalry Archer |
| 15:46 | Create | Cavalry Archer |
| 15:48 | Create | Cavalry Archer |
| 15:49 | Create | Villager (Male) |
| 15:57 | Build | Fish Trap |
| 15:58 | Build | Fish Trap |
| 16:00 | Build | Fish Trap |
| 16:04 | Create | Villager (Male) |
| 16:05 | Create | Villager (Male) |
| 16:09 | Research | Bodkin Arrow |
| 16:25 | Create | Cavalry Archer |
| 16:45 | Create | Scorpion |
| 16:57 | Create | Mangonel |
| 17:22 | Create | Villager (Male) |
| 17:24 | Research | Padded Archer Armor |
| 17:27 | Build | Fish Trap |
| 17:28 | Build | Fish Trap |
| 17:30 | Create | Villager (Male) |
| 17:32 | Create | Cavalry Archer |
| 18:01 | Create | Battering Ram |
| 18:21 | Create | Cavalry Archer |
| 18:47 | Create | Cavalry Archer |
| 18:52 | Build | Archery Range |
| 18:53 | Create | Villager (Male) |
| 18:54 | Build | Fish Trap |
| 18:58 | Create | Fishing Ship |
| 19:09 | Create | Cavalry Archer |
| 19:59 | Build | Fish Trap |
| 20:02 | Build | University |
| 20:03 | Create | Cavalry Archer |
| 20:20 | Create | Villager (Male) |
| 20:49 | Create | Cavalry Archer |
| 20:50 | Create | Cavalry Archer |
| 20:50 | Create | Cavalry Archer |
| 20:57 | Create | Fishing Ship |
| 21:04 | Build | Dock |
| 21:13 | Build | Stable |
| 21:14 | Create | Villager (Male) |
| 21:16 | Create | Villager (Male) |
| 21:36 | Create | Battering Ram |
| 21:37 | Create | Battering Ram |
| 21:50 | Create | Cavalry Archer |
| 21:50 | Create | Cavalry Archer |
| 21:51 | Create | Villager (Male) |
| 22:02 | Build | Stone Wall |
| 22:04 | Build | Gate |
| 22:05 | Create | Villager (Male) |
| 22:09 | Build | Town Center |
| 22:55 | Create | Villager (Male) |
| 22:59 | Research | Ballistics |
| 23:10 | Create | Battering Ram |
| 23:20 | Create | Villager (Male) |
| 23:23 | Create | Villager (Male) |
| 23:24 | Create | Villager (Male) |
| 23:24 | Create | Villager (Male) |
| 23:25 | Create | Villager (Male) |
| 23:27 | Create | Fishing Ship |
| 23:27 | Create | Fishing Ship |
| 23:45 | Create | Villager (Male) |
| 23:45 | Create | Villager (Male) |
| 23:54 | Create | Knight |
| 24:03 | Build | Market |
| 24:17 | Build | Fish Trap |
| 24:19 | Build | Fish Trap |
| 24:40 | Create | Knight |
| 24:40 | Create | Knight |
| 24:41 | Create | Villager (Male) |
| 24:41 | Create | Villager (Male) |
| 24:41 | Create | Villager (Male) |
| 24:42 | Create | Villager (Male) |
| 24:42 | Create | Villager (Male) |
| 24:48 | Create | Fishing Ship |
| 24:48 | Create | Fishing Ship |
| 24:48 | Create | Villager (Male) |
| 25:14 | Research | Bloodlines |
| 25:45 | Create | Villager (Male) |
| 25:49 | Build | Mining Camp |
| 25:50 | Create | Villager (Male) |
| 26:21 | Create | Villager (Male) |
| 26:21 | Create | Villager (Male) |
| 26:29 | Build | Fish Trap |
| 26:31 | Create | Fishing Ship |
| 26:31 | Research | Tech 906 |
| 26:36 | Build | Dock |
| 26:37 | Build | Dock |
| 26:38 | Create | Villager (Male) |
| 26:41 | Create | Cavalry Archer |
| 26:41 | Create | Cavalry Archer |
| 26:42 | Create | Cavalry Archer |
| 26:42 | Create | Cavalry Archer |
| 26:43 | Create | Cavalry Archer |
| 26:43 | Create | Cavalry Archer |
| 26:44 | Create | Cavalry Archer |
| 27:05 | Create | Villager (Male) |
| 27:08 | Create | Cavalry Archer ×5 |
| 27:39 | Create | Villager (Male) |
| 27:40 | Create | Villager (Male) |
| 27:41 | Create | Villager (Male) |
| 27:43 | Create | Fishing Ship |
Build order — Vegetex
First 150 of 971 actions detected
| 0:01 | Create | Villager (Male) |
| 0:01 | Create | Villager (Male) |
| 0:01 | Create | Villager (Male) |
| 0:02 | Build | House |
| 0:03 | Build | House |
| 0:32 | Create | Villager (Male) |
| 1:23 | Create | Villager (Male) |
| 1:43 | Build | Lumber Camp |
| 2:18 | Create | Villager (Male) |
| 2:39 | Create | Villager (Male) |
| 2:40 | Create | Villager (Male) |
| 3:15 | Create | Villager (Male) |
| 3:44 | Create | Villager (Male) |
| 4:06 | Build | House |
| 4:08 | Build | House |
| 4:11 | Create | Villager (Male) |
| 4:36 | Build | Mill |
| 4:48 | Create | Villager (Male) |
| 4:48 | Create | Villager (Male) |
| 5:30 | Build | Palisade Wall |
| 5:39 | Build | Palisade Wall |
| 5:41 | Build | Palisade Wall |
| 5:44 | Build | Palisade Wall |
| 5:54 | Build | Palisade Wall |
| 6:05 | Create | Villager (Male) |
| 6:14 | Create | Villager (Male) |
| 6:20 | Create | Villager (Male) |
| 7:32 | Create | Villager (Male) |
| 7:36 | Build | House |
| 7:51 | Create | Villager (Male) |
| 8:01 | Build | Mining Camp |
| 8:06 | Create | Villager (Male) |
| 8:27 | Create | Villager (Male) |
| 9:01 | Create | Villager (Male) |
| 9:36 | Create | Villager (Male) |
| 9:59 | Create | Villager (Male) |
| 10:03 | Research | Feudal Age |
| 11:51 | Create | Villager (Male) |
| 12:25 | Create | Villager (Male) |
| 12:37 | Age | Feudal Age |
| 12:38 | Build | Market |
| 12:40 | Build | Blacksmith |
| 12:59 | Research | Double-Bit Axe |
| 13:00 | Research | Horse Collar |
| 13:29 | Research | Castle Age |
| 13:39 | Build | Farm |
| 13:42 | Build | Farm |
| 13:44 | Build | Barracks |
| 13:51 | Build | House |
| 13:52 | Build | House |
| 14:40 | Build | Farm |
| 14:49 | Build | Stable |
| 15:00 | Build | Farm |
| 15:35 | Build | Farm |
| 16:00 | Create | Villager (Male) |
| 16:04 | Create | Villager (Male) |
| 16:09 | Age | Castle Age |
| 16:14 | Build | Town Center |
| 16:33 | Build | Farm |
| 16:43 | Create | Villager (Male) |
| 16:48 | Build | Farm |
| 16:54 | Build | Farm |
| 17:02 | Create | Villager (Male) |
| 17:04 | Build | Farm |
| 17:15 | Create | Villager (Male) |
| 17:16 | Create | Knight |
| 17:17 | Create | Knight |
| 17:24 | Build | Farm |
| 17:35 | Create | Villager (Male) |
| 17:37 | Build | Farm |
| 17:39 | Create | Villager (Male) |
| 17:40 | Create | Villager (Male) |
| 17:54 | Create | Villager (Male) |
| 17:58 | Build | House |
| 17:59 | Build | House |
| 18:04 | Build | Farm |
| 18:23 | Create | Villager (Male) |
| 18:33 | Research | Bow Saw |
| 18:34 | Create | Knight |
| 18:40 | Create | Villager (Male) |
| 18:47 | Build | Farm |
| 18:48 | Create | Villager (Male) |
| 18:57 | Create | Knight |
| 19:01 | Build | House |
| 19:01 | Build | House |
| 19:15 | Create | Villager (Male) |
| 19:23 | Create | Villager (Male) |
| 19:26 | Create | Knight |
| 19:26 | Create | Knight |
| 19:35 | Create | Knight |
| 19:35 | Create | Knight |
| 19:37 | Create | Camel Scout |
| 20:02 | Create | Knight |
| 20:05 | Create | Villager (Male) |
| 20:07 | Build | Farm |
| 20:08 | Research | Husbandry |
| 20:09 | Create | Villager (Male) |
| 20:10 | Create | Villager (Male) |
| 20:11 | Build | Stable |
| 20:14 | Build | Farm |
| 20:14 | Build | Farm |
| 20:14 | Build | Farm |
| 20:18 | Build | Farm |
| 20:27 | Create | Knight |
| 20:31 | Research | Forging |
| 20:42 | Build | Farm |
| 20:43 | Create | Villager (Male) |
| 20:59 | Build | Monastery |
| 21:01 | Create | Villager (Male) |
| 21:01 | Create | Villager (Male) |
| 21:12 | Create | Villager (Male) |
| 21:32 | Create | Villager (Male) |
| 21:33 | Create | Villager (Male) |
| 21:41 | Build | Farm |
| 21:48 | Build | Town Center |
| 21:49 | Create | Villager (Male) |
| 21:52 | Create | Knight |
| 22:07 | Create | Camel Scout |
| 22:07 | Create | Camel Scout |
| 22:08 | Create | Villager (Male) |
| 22:08 | Create | Villager (Male) |
| 22:20 | Create | Villager (Male) |
| 22:24 | Create | Camel Scout |
| 22:24 | Create | Camel Scout |
| 22:26 | Create | Villager (Male) |
| 22:30 | Build | House |
| 22:32 | Build | House |
| 22:33 | Build | House |
| 22:35 | Create | Villager (Male) |
| 22:37 | Create | Camel Scout |
| 22:37 | Create | Camel Scout |
| 23:11 | Research | Devotion |
| 23:12 | Create | Villager (Male) |
| 23:12 | Create | Villager (Male) |
| 23:24 | Create | Villager (Male) |
| 23:26 | Create | Camel Scout |
| 23:42 | Create | Camel Scout |
| 23:43 | Create | Villager (Male) |
| 23:43 | Create | Villager (Male) |
| 23:46 | Build | Farm |
| 23:46 | Build | Farm |
| 23:46 | Build | Farm |
| 23:47 | Build | Farm |
| 23:47 | Build | Farm |
| 23:51 | Build | Farm |
| 23:51 | Build | Farm |
| 23:52 | Build | Farm |
| 23:55 | Create | Villager (Male) |
| 23:57 | Build | House |
| 23:57 | Build | House |
Build order — Bambs
First 150 of 1089 actions detected
| 0:00 | Create | Villager (Male) |
| 0:00 | Create | Villager (Male) |
| 0:01 | Create | Villager (Male) |
| 0:02 | Build | House |
| 0:42 | Create | Villager (Male) |
| 1:15 | Create | Villager (Male) |
| 2:09 | Create | Villager (Male) |
| 2:29 | Build | Settlement |
| 2:30 | Create | Villager (Male) |
| 2:30 | Create | Villager (Male) |
| 2:31 | Create | Villager (Male) |
| 3:17 | Create | Villager (Male) |
| 3:57 | Create | Villager (Male) |
| 3:57 | Create | Villager (Male) |
| 3:57 | Create | Villager (Male) |
| 4:34 | Create | Villager (Male) |
| 4:40 | Build | Dock |
| 4:44 | Build | House |
| 5:02 | Create | Villager (Male) |
| 5:29 | Create | Fishing Ship |
| 5:30 | Create | Villager (Male) |
| 5:30 | Create | Villager (Male) |
| 6:03 | Create | Villager (Male) |
| 6:06 | Build | House |
| 6:07 | Create | Fishing Ship |
| 7:18 | Create | Villager (Male) |
| 7:19 | Create | Villager (Male) |
| 7:20 | Create | Fishing Ship |
| 7:21 | Create | Fishing Ship |
| 7:50 | Research | Loom |
| 8:15 | Build | Settlement |
| 8:21 | Build | House |
| 8:26 | Create | Villager (Male) |
| 8:42 | Create | Fishing Ship |
| 8:42 | Create | Villager (Male) |
| 8:44 | Create | Villager (Male) |
| 9:09 | Build | Settlement |
| 9:20 | Create | Villager (Male) |
| 9:28 | Create | Fishing Ship |
| 9:34 | Build | Palisade Wall |
| 9:48 | Research | Feudal Age |
| 9:56 | Build | Palisade Wall |
| 10:32 | Build | Settlement |
| 11:04 | Create | Villager (Male) |
| 11:04 | Create | Villager (Male) |
| 11:58 | Age | Feudal Age |
| 12:00 | Build | Market |
| 12:08 | Build | Blacksmith |
| 13:05 | Research | Castle Age |
| 13:21 | Build | Outpost |
| 13:38 | Research | Double-Bit Axe |
| 14:14 | Research | Tech 906 |
| 15:15 | Build | Dock |
| 15:16 | Create | Villager (Male) |
| 15:45 | Age | Castle Age |
| 15:57 | Build | Fish Trap |
| 16:01 | Build | Fish Trap |
| 16:02 | Create | Fishing Ship |
| 16:05 | Create | Villager (Male) |
| 16:08 | Research | Bow Saw |
| 16:13 | Create | Fishing Ship |
| 16:27 | Build | Castle |
| 16:31 | Research | Fletching |
| 16:32 | Create | Villager (Male) |
| 16:44 | Create | Villager (Male) |
| 16:46 | Create | Fishing Ship |
| 16:48 | Build | Fish Trap |
| 16:54 | Create | Villager (Male) |
| 17:07 | Create | Fishing Ship |
| 17:40 | Build | Stone Wall |
| 17:49 | Create | Villager (Male) |
| 17:52 | Create | Kamayuk |
| 17:53 | Create | Kamayuk |
| 18:08 | Build | Stone Wall |
| 18:10 | Build | Stone Wall |
| 18:22 | Build | Siege Workshop |
| 18:24 | Build | Gate |
| 18:31 | Create | Villager (Male) |
| 18:33 | Create | Fishing Ship |
| 18:40 | Research | Scale Mail Armor |
| 19:01 | Create | Kamayuk |
| 19:14 | Create | Mangonel |
| 19:17 | Build | House |
| 19:25 | Create | Kamayuk |
| 19:26 | Create | Kamayuk |
| 19:26 | Create | Kamayuk |
| 19:29 | Create | Villager (Male) |
| 19:33 | Build | Fish Trap |
| 19:36 | Build | Fish Trap |
| 19:38 | Build | Fish Trap |
| 19:51 | Build | House |
| 19:53 | Create | Villager (Male) |
| 20:17 | Create | Fishing Ship |
| 20:19 | Create | Villager (Male) |
| 20:23 | Create | Mangonel |
| 20:43 | Create | Kamayuk |
| 20:43 | Create | Kamayuk |
| 21:24 | Create | Mangonel |
| 21:25 | Create | Villager (Male) |
| 21:25 | Create | Villager (Male) |
| 21:26 | Create | Villager (Male) |
| 21:35 | Build | Stone Wall |
| 21:39 | Create | Fishing Ship |
| 21:41 | Build | Fish Trap |
| 21:43 | Build | Fish Trap |
| 21:50 | Build | House |
| 21:51 | Create | Villager (Male) |
| 22:10 | Build | Dock |
| 22:12 | Create | Villager (Male) |
| 22:13 | Create | Villager (Male) |
| 23:04 | Create | Villager (Male) |
| 23:05 | Create | Villager (Male) |
| 23:19 | Create | Kamayuk |
| 23:19 | Create | Kamayuk |
| 23:19 | Create | Kamayuk |
| 23:27 | Build | Town Center |
| 23:28 | Create | Fishing Ship |
| 23:32 | Build | House |
| 23:38 | Build | Fish Trap |
| 23:40 | Build | House |
| 23:44 | Build | Palisade Gate |
| 23:50 | Build | Palisade Gate |
| 23:54 | Create | Villager (Male) |
| 23:54 | Create | Villager (Male) |
| 23:58 | Create | Scorpion |
| 24:25 | Build | House |
| 24:26 | Create | Villager (Male) |
| 24:27 | Create | Villager (Male) |
| 24:37 | Build | Monastery |
| 24:57 | Create | Villager (Male) |
| 25:13 | Create | Villager (Male) |
| 25:13 | Create | Villager (Male) |
| 25:16 | Create | Mangonel |
| 25:39 | Create | Mangonel |
| 25:40 | Create | Villager (Male) |
| 25:40 | Create | Villager (Male) |
| 25:40 | Create | Villager (Male) |
| 25:41 | Create | Fishing Ship |
| 25:41 | Create | Fishing Ship |
| 25:41 | Create | Fishing Ship |
| 25:56 | Create | Monk |
| 26:06 | Create | Kamayuk |
| 26:06 | Create | Kamayuk |
| 26:25 | Build | House |
| 26:46 | Create | Villager (Male) |
| 26:47 | Create | Villager (Male) |
| 26:47 | Create | Villager (Male) |
| 27:06 | Create | Mangonel |
| 27:14 | Build | Settlement |
| 27:15 | Create | Villager (Male) |
Build order — Phoetic
First 150 of 785 actions detected
| 0:00 | Create | Villager (Male) |
| 0:01 | Create | Villager (Male) |
| 0:02 | Build | House |
| 0:03 | Build | House |
| 0:15 | Research | Loom |
| 0:25 | Create | Villager (Male) |
| 0:25 | Create | Villager (Male) |
| 0:26 | Create | Villager (Male) |
| 2:28 | Create | Villager (Male) |
| 2:58 | Build | Palisade Wall |
| 3:06 | Create | Villager (Male) |
| 3:31 | Create | Villager (Male) |
| 3:53 | Create | Villager (Male) |
| 4:17 | Create | Villager (Male) |
| 4:51 | Build | Settlement |
| 4:54 | Create | Villager (Male) |
| 5:02 | Create | Villager (Male) |
| 5:44 | Create | Villager (Male) |
| 5:44 | Create | Villager (Male) |
| 6:32 | Create | Villager (Male) |
| 6:32 | Create | Villager (Male) |
| 6:56 | Create | Villager (Male) |
| 7:02 | Build | House |
| 7:37 | Build | Dock |
| 7:45 | Create | Villager (Male) |
| 8:12 | Create | Villager (Male) |
| 8:23 | Create | Fishing Ship |
| 8:29 | Create | Villager (Male) |
| 8:42 | Create | Villager (Male) |
| 8:55 | Build | Palisade Wall |
| 9:05 | Create | Villager (Male) |
| 9:11 | Build | Settlement |
| 9:19 | Build | House |
| 9:36 | Create | Fishing Ship |
| 9:38 | Create | Villager (Male) |
| 9:58 | Create | Fishing Ship |
| 10:30 | Research | Feudal Age |
| 10:42 | Create | Fishing Ship |
| 10:59 | Create | Fishing Ship |
| 11:09 | Build | House |
| 11:11 | Build | Palisade Wall |
| 12:34 | Create | Villager (Male) |
| 12:35 | Create | Villager (Male) |
| 12:40 | Age | Feudal Age |
| 12:46 | Build | Market |
| 12:57 | Build | Blacksmith |
| 13:44 | Create | Fishing Ship |
| 13:47 | Research | Castle Age |
| 14:19 | Create | Fishing Ship |
| 14:23 | Research | Double-Bit Axe |
| 14:40 | Create | Fishing Ship |
| 14:50 | Build | Fish Trap |
| 14:56 | Create | Spearman |
| 15:09 | Research | Gold Mining |
| 15:31 | Build | Fish Trap |
| 15:47 | Build | Palisade Gate |
| 15:49 | Build | Palisade Wall |
| 15:56 | Create | Villager (Male) |
| 16:11 | Create | Villager (Male) |
| 16:27 | Age | Castle Age |
| 16:30 | Build | Siege Workshop |
| 16:33 | Create | Villager (Male) |
| 16:56 | Create | Mangonel |
| 17:07 | Create | Villager (Male) |
| 17:21 | Build | House |
| 17:39 | Create | Mangonel |
| 17:48 | Build | Outpost |
| 17:50 | Research | Town Watch |
| 17:56 | Create | Villager (Male) |
| 17:58 | Build | House |
| 17:58 | Build | House |
| 18:35 | Create | Mangonel |
| 19:01 | Build | House |
| 20:01 | Create | Mangonel |
| 20:02 | Create | Villager (Male) |
| 20:02 | Create | Villager (Male) |
| 20:03 | Create | Villager (Male) |
| 20:03 | Create | Villager (Male) |
| 20:03 | Create | Villager (Male) |
| 20:06 | Build | Town Center |
| 20:10 | Create | Fishing Ship |
| 20:15 | Build | Outpost |
| 20:31 | Build | House |
| 21:06 | Create | Spearman |
| 21:06 | Create | Spearman |
| 21:07 | Create | Spearman |
| 21:08 | Create | Spearman |
| 21:15 | Build | House |
| 21:23 | Create | Villager (Male) |
| 21:24 | Create | Villager (Male) |
| 21:24 | Create | Villager (Male) |
| 21:25 | Create | Villager (Male) |
| 21:42 | Build | Outpost |
| 21:50 | Create | Mangonel |
| 21:51 | Create | Villager (Male) |
| 21:59 | Create | Spearman |
| 22:04 | Create | Spearman |
| 22:42 | Build | Barracks |
| 22:50 | Create | Villager (Male) |
| 22:56 | Build | Fish Trap |
| 22:57 | Build | Fish Trap |
| 23:07 | Build | Outpost |
| 23:23 | Create | Villager (Male) |
| 23:23 | Create | Villager (Male) |
| 23:42 | Create | Spearman |
| 23:44 | Build | House |
| 24:16 | Build | Outpost |
| 24:17 | Create | Villager (Male) |
| 24:32 | Create | Mangonel |
| 25:07 | Build | Gate |
| 25:10 | Build | Gate |
| 25:14 | Build | Gate |
| 25:18 | Build | Palisade Wall |
| 25:19 | Build | Palisade Wall |
| 25:30 | Build | House |
| 25:43 | Create | Spearman |
| 26:00 | Create | Villager (Male) |
| 26:01 | Create | Villager (Male) |
| 26:11 | Research | Bow Saw |
| 26:12 | Create | Spearman |
| 26:31 | Build | House |
| 26:40 | Build | House |
| 27:04 | Research | Wheelbarrow |
| 27:08 | Create | Villager (Male) |
| 27:09 | Create | Villager (Male) |
| 27:12 | Create | Spearman |
| 27:19 | Create | Mangonel |
| 27:33 | Build | Castle |
| 28:04 | Build | House |
| 28:09 | Research | Fletching |
| 28:44 | Create | Villager (Male) |
| 28:45 | Create | Villager (Male) |
| 28:47 | Create | Fishing Ship |
| 28:47 | Create | Fishing Ship |
| 28:48 | Build | Fish Trap |
| 28:50 | Build | Fish Trap |
| 28:57 | Build | Farm |
| 28:57 | Build | Farm |
| 28:58 | Build | Farm |
| 28:58 | Build | Farm |
| 28:58 | Build | Farm |
| 28:59 | Build | Farm |
| 29:08 | Research | Horse Collar |
| 29:22 | Build | Settlement |
| 29:47 | Build | Outpost |
| 29:58 | Build | Fish Trap |
| 30:00 | Build | Fish Trap |
| 30:03 | Create | Kona |
| 30:14 | Create | Villager (Male) |
| 30:18 | Create | Villager (Male) |
Build order — Trace
First 150 of 984 actions detected
| 0:02 | Create | Villager (Male) ×4 |
| 0:03 | Build | House |
| 0:04 | Build | House |
| 0:15 | Research | Loom |
| 0:19 | Research | Loom |
| 0:20 | Create | Villager (Male) |
| 0:20 | Create | Villager (Male) ×2 |
| 2:01 | Create | Villager (Male) |
| 2:43 | Create | Villager (Male) |
| 3:15 | Create | Villager (Male) |
| 3:15 | Create | Villager (Male) |
| 3:33 | Build | Palisade Wall |
| 3:48 | Build | Palisade Wall |
| 3:49 | Build | Palisade Wall |
| 3:49 | Build | Palisade Wall |
| 3:50 | Build | Palisade Wall |
| 3:51 | Build | Palisade Wall |
| 3:51 | Build | Palisade Wall |
| 3:53 | Build | Palisade Wall |
| 4:01 | Create | Villager (Male) |
| 4:01 | Create | Villager (Male) |
| 4:22 | Create | Villager (Male) |
| 4:53 | Create | Villager (Male) |
| 4:53 | Create | Villager (Male) |
| 5:01 | Build | Lumber Camp |
| 5:27 | Create | Villager (Male) |
| 5:40 | Build | House |
| 5:46 | Create | Villager (Male) |
| 6:01 | Create | Villager (Male) |
| 6:32 | Create | Villager (Male) |
| 6:42 | Build | Palisade Wall |
| 6:53 | Create | Villager (Male) |
| 7:28 | Build | Palisade Wall |
| 7:32 | Create | Villager (Male) |
| 7:41 | Build | Mill |
| 7:48 | Build | House |
| 7:53 | Create | Villager (Male) |
| 8:08 | Create | Villager (Male) |
| 8:38 | Create | Villager (Male) |
| 8:53 | Create | Villager (Male) |
| 9:00 | Build | Dock |
| 9:07 | Create | Villager (Male) |
| 9:39 | Create | Fishing Ship |
| 9:49 | Build | House |
| 10:14 | Create | Villager (Male) |
| 10:18 | Create | Villager (Male) |
| 10:18 | Create | Fishing Ship |
| 10:51 | Create | Villager (Male) |
| 11:03 | Research | Feudal Age |
| 11:15 | Build | Lumber Camp |
| 11:41 | Create | Fishing Ship |
| 11:48 | Build | House |
| 11:53 | Build | House |
| 12:17 | Create | Villager (Male) |
| 12:26 | Create | Fishing Ship |
| 12:39 | Build | Dock |
| 12:46 | Create | Villager (Male) |
| 13:14 | Age | Feudal Age |
| 13:33 | Create | Villager (Male) |
| 13:45 | Build | Town Center |
| 13:53 | Create | Villager (Male) |
| 14:12 | Build | Mining Camp |
| 14:20 | Build | Palisade Wall |
| 14:24 | Create | Villager (Male) |
| 14:33 | Build | Palisade Wall |
| 14:33 | Build | Palisade Wall |
| 14:33 | Build | Palisade Wall |
| 14:34 | Build | Palisade Wall |
| 14:39 | Create | Galley |
| 14:42 | Create | Villager (Male) |
| 14:46 | Create | Villager (Male) |
| 15:07 | Build | House |
| 15:08 | Build | Palisade Wall |
| 15:12 | Create | Villager (Male) |
| 15:12 | Create | Villager (Male) |
| 15:25 | Create | Fishing Ship |
| 15:35 | Research | Double-Bit Axe |
| 15:37 | Research | Horse Collar |
| 15:51 | Create | Unit 2626 |
| 16:14 | Research | Wheelbarrow |
| 16:15 | Create | Villager (Male) |
| 16:15 | Create | Villager (Male) |
| 16:23 | Build | Watch Tower |
| 16:27 | Build | House |
| 16:34 | Create | Villager (Male) |
| 16:45 | Create | Villager (Male) |
| 16:55 | Create | Villager (Male) |
| 16:58 | Create | Fire Galley |
| 17:00 | Create | Villager (Male) |
| 17:11 | Create | Villager (Male) |
| 17:25 | Build | Palisade Wall |
| 17:32 | Build | Palisade Wall |
| 17:37 | Build | Watch Tower |
| 17:38 | Create | Villager (Male) |
| 18:11 | Create | Villager (Male) |
| 18:16 | Build | Lumber Camp |
| 18:42 | Build | Palisade Wall |
| 18:43 | Build | Palisade Wall |
| 18:44 | Build | Palisade Wall |
| 19:01 | Build | House |
| 19:10 | Build | Palisade Wall |
| 19:26 | Build | Farm |
| 20:51 | Build | Lumber Camp |
| 20:52 | Create | Villager (Male) |
| 21:18 | Build | Watch Tower |
| 21:22 | Build | House |
| 21:24 | Build | House |
| 21:27 | Build | Palisade Wall |
| 21:28 | Create | Villager (Male) |
| 21:34 | Build | Palisade Wall |
| 21:35 | Build | Palisade Wall |
| 21:35 | Build | Palisade Wall |
| 21:49 | Create | Fishing Ship |
| 21:54 | Build | Farm |
| 21:55 | Build | Farm |
| 21:57 | Build | Farm |
| 21:59 | Build | Farm |
| 22:01 | Build | Farm |
| 22:30 | Build | Farm |
| 22:37 | Build | Market |
| 22:38 | Build | Blacksmith |
| 22:40 | Build | Farm |
| 22:43 | Create | Villager (Male) |
| 23:10 | Create | Villager (Male) |
| 23:10 | Create | Villager (Male) |
| 23:14 | Build | Farm |
| 23:17 | Build | Farm |
| 23:24 | Create | Villager (Male) |
| 23:29 | Create | Fishing Ship |
| 23:33 | Create | Villager (Male) |
| 23:37 | Create | Fishing Ship |
| 23:44 | Build | Farm |
| 23:53 | Build | Farm |
| 23:56 | Create | Villager (Male) |
| 24:05 | Create | Villager (Male) |
| 24:21 | Create | Villager (Male) |
| 24:21 | Create | Villager (Male) |
| 24:21 | Create | Villager (Male) |
| 24:24 | Create | Fishing Ship |
| 24:33 | Build | Farm |
| 24:35 | Build | Farm |
| 24:45 | Build | House |
| 24:47 | Build | House |
| 25:05 | Create | Villager (Male) |
| 25:12 | Create | Villager (Male) |
| 25:18 | Create | Villager (Male) |
| 25:18 | Create | Villager (Male) |
| 25:23 | Create | Villager (Male) |
| 25:24 | Create | Villager (Male) |
| 25:30 | Build | Farm |
Build order — Spooder
First 150 of 1050 actions detected
| 0:00 | Create | Villager (Male) ×4 |
| 0:02 | Build | House |
| 0:05 | Build | House |
| 0:15 | Research | Loom |
| 0:15 | Create | Villager (Male) |
| 0:15 | Create | Villager (Male) |
| 0:15 | Create | Villager (Male) |
| 1:13 | Build | Palisade Wall |
| 1:16 | Build | Palisade Wall |
| 1:49 | Create | Villager (Male) |
| 1:49 | Create | Villager (Male) |
| 2:16 | Build | Palisade Wall |
| 2:20 | Build | Palisade Wall |
| 2:25 | Build | Palisade Wall |
| 2:28 | Build | Palisade Wall |
| 2:31 | Build | Palisade Wall |
| 2:33 | Build | Palisade Wall |
| 2:36 | Build | Palisade Wall |
| 2:48 | Build | Palisade Wall |
| 2:50 | Create | Villager (Male) |
| 3:09 | Build | Palisade Wall |
| 3:15 | Create | Villager (Male) |
| 3:15 | Create | Villager (Male) |
| 3:41 | Create | Villager (Male) |
| 3:42 | Create | Villager (Male) |
| 3:42 | Create | Villager (Male) |
| 3:45 | Build | House |
| 4:07 | Create | Villager (Male) |
| 4:24 | Build | Palisade Wall |
| 4:32 | Create | Villager (Male) |
| 5:05 | Create | Villager (Male) |
| 5:05 | Create | Villager (Male) |
| 5:27 | Build | Palisade Wall |
| 5:46 | Build | Palisade Wall |
| 5:49 | Build | Palisade Wall |
| 6:05 | Create | Villager (Male) |
| 6:05 | Create | Villager (Male) |
| 6:05 | Create | Villager (Male) |
| 6:09 | Build | House |
| 6:22 | Create | Villager (Male) |
| 6:26 | Build | Palisade Wall |
| 6:28 | Build | Palisade Wall |
| 6:35 | Create | Villager (Male) |
| 6:36 | Create | Villager (Male) |
| 7:16 | Create | Villager (Male) |
| 7:16 | Create | Villager (Male) |
| 7:39 | Build | House |
| 8:11 | Create | Villager (Male) |
| 8:49 | Create | Villager (Male) |
| 9:03 | Build | Dock |
| 9:09 | Create | Villager (Male) |
| 9:55 | Build | Lumber Camp |
| 9:57 | Create | Villager (Male) |
| 10:29 | Research | Feudal Age |
| 11:14 | Build | Mining Camp |
| 12:03 | Build | House |
| 12:13 | Create | Villager (Male) |
| 12:13 | Create | Villager (Male) |
| 12:27 | Build | Barracks |
| 12:39 | Age | Feudal Age |
| 12:39 | Create | Villager (Male) |
| 13:12 | Build | Archery Range |
| 13:42 | Build | Watch Tower |
| 13:47 | Create | Archer |
| 13:48 | Create | Archer |
| 13:50 | Create | Villager (Male) |
| 13:56 | Research | Double-Bit Axe |
| 14:19 | Create | Spearman |
| 14:21 | Create | Archer |
| 14:26 | Build | Blacksmith |
| 14:36 | Create | Villager (Male) |
| 14:37 | Create | Villager (Male) |
| 14:45 | Build | House |
| 14:53 | Create | Archer |
| 15:20 | Create | Archer |
| 15:22 | Research | Fletching |
| 15:30 | Create | Villager (Male) |
| 15:47 | Build | Dock |
| 15:54 | Create | Archer |
| 15:56 | Create | Villager (Male) |
| 16:38 | Create | Unit 2626 |
| 16:38 | Create | Unit 2626 |
| 16:40 | Build | House |
| 16:43 | Create | Villager (Male) |
| 16:45 | Build | Mining Camp |
| 17:00 | Create | Archer |
| 17:06 | Build | House |
| 17:22 | Research | Castle Age |
| 17:40 | Create | Transport Ship |
| 17:47 | Create | Villager (Male) |
| 17:49 | Create | Archer |
| 18:20 | Create | Archer |
| 18:20 | Create | Villager (Male) |
| 18:24 | Build | Mining Camp |
| 19:06 | Create | Archer |
| 19:07 | Create | Archer |
| 19:23 | Create | Fishing Ship |
| 19:25 | Build | Watch Tower |
| 19:32 | Create | Archer |
| 19:46 | Build | Archery Range |
| 19:47 | Create | Villager (Male) |
| 19:58 | Build | House |
| 19:59 | Build | House |
| 20:01 | Build | House |
| 20:04 | Age | Castle Age |
| 20:48 | Create | Fishing Ship |
| 20:49 | Create | Fishing Ship |
| 21:09 | Create | Villager (Male) |
| 21:16 | Build | Mill |
| 21:18 | Build | House |
| 21:51 | Create | Archer |
| 21:51 | Create | Archer |
| 22:09 | Create | Archer |
| 22:09 | Create | Archer |
| 22:13 | Build | Stable |
| 22:15 | Build | Archery Range |
| 22:25 | Create | Villager (Male) |
| 22:25 | Create | Villager (Male) |
| 22:32 | Create | Archer |
| 22:33 | Create | Archer |
| 22:52 | Create | Archer |
| 22:52 | Create | Archer |
| 22:52 | Create | Archer |
| 22:56 | Create | Fishing Ship |
| 23:00 | Build | Market |
| 23:04 | Create | Villager (Male) |
| 23:28 | Build | House |
| 24:05 | Create | Archer |
| 24:06 | Create | Knight |
| 24:11 | Build | House |
| 24:13 | Create | Villager (Male) |
| 24:29 | Research | Crossbowman (upgrade) |
| 24:41 | Research | Bodkin Arrow |
| 24:42 | Create | Archer |
| 24:42 | Create | Archer |
| 25:34 | Build | House |
| 25:37 | Create | Knight |
| 25:37 | Create | Knight |
| 25:53 | Build | House |
| 25:59 | Create | Villager (Male) |
| 26:03 | Create | Archer |
| 26:03 | Create | Archer |
| 26:06 | Create | Archer |
| 26:06 | Create | Archer |
| 26:06 | Create | Archer |
| 26:41 | Create | Skirmisher |
| 26:41 | Create | Archer |
| 26:42 | Create | Archer |
| 26:42 | Create | Archer |
| 26:49 | Create | Archer |
Build order — Jinada
First 150 of 1184 actions detected
| 0:01 | Create | Villager (Male) |
| 0:02 | Build | House |
| 0:03 | Build | House |
| 0:05 | Create | Villager (Male) |
| 0:06 | Create | Villager (Male) |
| 0:06 | Create | Villager (Male) |
| 0:06 | Create | Villager (Male) |
| 0:19 | Build | Lumber Camp |
| 1:36 | Create | Villager (Male) |
| 2:16 | Create | Villager (Male) |
| 2:16 | Create | Villager (Male) |
| 2:35 | Create | Villager (Male) |
| 2:35 | Create | Villager (Male) |
| 2:47 | Create | Villager (Male) |
| 2:48 | Create | Villager (Male) |
| 3:08 | Create | Villager (Male) |
| 3:09 | Create | Villager (Male) |
| 3:37 | Create | Villager (Male) |
| 3:58 | Build | House |
| 4:03 | Create | Villager (Male) |
| 4:03 | Create | Villager (Male) |
| 4:26 | Build | Dock |
| 4:34 | Create | Villager (Male) |
| 4:34 | Create | Villager (Male) |
| 4:39 | Create | Villager (Male) |
| 4:39 | Create | Villager (Male) |
| 5:09 | Create | Fishing Ship |
| 5:14 | Build | House |
| 5:35 | Create | Villager (Male) |
| 5:52 | Research | Loom |
| 5:59 | Create | Villager (Male) |
| 6:00 | Create | Fishing Ship |
| 6:27 | Create | Villager (Male) |
| 6:28 | Create | Villager (Male) |
| 6:29 | Create | Villager (Male) |
| 6:49 | Build | House |
| 6:56 | Create | Villager (Male) |
| 6:59 | Create | Fishing Ship |
| 7:04 | Build | House |
| 7:08 | Create | Villager (Male) |
| 7:10 | Build | House |
| 7:11 | Build | House |
| 7:15 | Build | House |
| 7:28 | Build | Palisade Wall |
| 7:34 | Create | Villager (Male) |
| 7:41 | Build | Palisade Wall |
| 7:44 | Create | Villager (Male) |
| 7:48 | Build | Palisade Wall |
| 7:49 | Create | Villager (Male) |
| 8:06 | Create | Fishing Ship |
| 8:41 | Create | Fishing Ship |
| 9:01 | Create | Villager (Male) |
| 9:12 | Build | Mining Camp |
| 9:38 | Research | Feudal Age |
| 10:02 | Build | Mill |
| 10:10 | Create | Fishing Ship |
| 10:47 | Create | Fishing Ship |
| 11:48 | Age | Feudal Age |
| 11:57 | Build | Blacksmith |
| 11:59 | Build | Market |
| 12:00 | Create | Villager (Male) |
| 12:00 | Create | Villager (Male) |
| 12:17 | Create | Fishing Ship |
| 12:18 | Research | Double-Bit Axe |
| 12:33 | Create | Fishing Ship |
| 12:42 | Research | Castle Age |
| 12:42 | Research | Castle Age |
| 12:50 | Build | Lumber Camp |
| 13:03 | Create | Fishing Ship |
| 13:23 | Build | House |
| 13:25 | Build | House |
| 13:43 | Build | House |
| 13:44 | Build | House |
| 14:28 | Research | Tech 906 |
| 14:28 | Research | Tech 906 |
| 14:39 | Build | Dock |
| 15:22 | Age | Castle Age |
| 15:24 | Build | Siege Workshop |
| 15:26 | Create | Villager (Male) |
| 15:33 | Create | Villager (Male) |
| 15:53 | Create | Villager (Male) |
| 16:09 | Build | Town Center |
| 16:17 | Create | Mangonel |
| 16:22 | Create | Villager (Male) |
| 16:31 | Build | Monastery |
| 16:47 | Create | Villager (Male) |
| 16:54 | Create | Villager (Male) |
| 16:54 | Create | Villager (Male) |
| 16:55 | Create | Villager (Male) |
| 16:56 | Research | Bow Saw |
| 17:01 | Create | Mangonel |
| 17:18 | Create | Villager (Male) |
| 17:19 | Create | Monk |
| 17:22 | Build | House |
| 17:23 | Create | Villager (Male) |
| 17:24 | Create | Villager (Male) |
| 17:24 | Create | Villager (Male) |
| 17:42 | Create | Villager (Male) |
| 17:54 | Create | Mangonel |
| 18:04 | Create | Villager (Male) |
| 18:22 | Create | Villager (Male) |
| 18:30 | Create | Villager (Male) |
| 18:30 | Create | Villager (Male) |
| 18:31 | Create | Villager (Male) |
| 18:32 | Create | Fishing Ship |
| 18:32 | Create | Fishing Ship |
| 18:33 | Build | Fish Trap |
| 18:34 | Build | Fish Trap |
| 18:36 | Build | Fish Trap |
| 18:37 | Build | Fish Trap |
| 19:04 | Create | Villager (Male) |
| 19:13 | Build | Stone Wall |
| 19:40 | Create | Monk |
| 19:42 | Build | House |
| 19:42 | Create | Villager (Male) |
| 19:58 | Create | Villager (Male) |
| 20:00 | Create | Villager (Male) |
| 20:06 | Create | Monk |
| 20:11 | Create | Villager (Male) |
| 20:15 | Build | Town Center |
| 20:17 | Create | Fishing Ship |
| 20:17 | Create | Fishing Ship |
| 20:17 | Create | Fishing Ship |
| 20:26 | Build | House |
| 20:35 | Build | Palisade Wall |
| 20:42 | Build | Gate |
| 20:44 | Build | Stone Wall |
| 20:47 | Create | Villager (Male) |
| 20:49 | Create | Fishing Ship |
| 20:49 | Create | Fishing Ship |
| 20:49 | Create | Fishing Ship |
| 20:55 | Build | Fish Trap |
| 20:55 | Build | Fish Trap |
| 20:55 | Build | Fish Trap |
| 20:56 | Build | Fish Trap |
| 20:58 | Build | Fish Trap |
| 20:59 | Build | Fish Trap |
| 21:02 | Build | Fish Trap |
| 21:02 | Build | Fish Trap |
| 21:03 | Create | Villager (Male) |
| 21:07 | Build | House |
| 21:11 | Create | Villager (Male) |
| 21:23 | Build | Lumber Camp |
| 21:24 | Create | Villager (Male) |
| 21:39 | Build | Dock |
| 21:45 | Build | Fish Trap |
| 21:56 | Build | House |
| 22:05 | Create | Villager (Male) |
| 22:10 | Create | Villager (Male) |
| 22:14 | Create | Fishing Ship |
Match timeline
| 0:29 | Deathcounter · wall_segment Palisade Wall x11 |
| 1:13 | Spooder · wall_segment Palisade Wall x1 |
| 1:16 | Spooder · wall_segment Palisade Wall x1 |
| 2:05 | Deathcounter · wall_segment Palisade Wall x1 |
| 2:16 | Spooder · wall_segment Palisade Wall x3 |
| 2:17 | Deathcounter · wall_segment Palisade Wall x1 |
| 2:20 | Spooder · wall_segment Palisade Wall x1 |
| 2:25 | Spooder · wall_segment Palisade Wall x1 |
| 2:28 | Spooder · wall_segment Palisade Wall x1 |
| 2:31 | Spooder · wall_segment Palisade Wall x1 |
| 2:33 | Spooder · wall_segment Palisade Wall x1 |
| 2:36 | Spooder · wall_segment Palisade Wall x1 |
| 2:48 | Spooder · wall_segment Palisade Wall x1 |
| 2:58 | Phoetic · wall_segment Palisade Wall x11 |
| 3:09 | Spooder · wall_segment Palisade Wall x1 |
| 3:33 | Trace · wall_segment Palisade Wall x14 |
| 3:48 | Trace · wall_segment Palisade Wall x1 |
| 3:49 | Trace · wall_segment Palisade Wall x1 |
| 3:49 | Trace · wall_segment Palisade Wall x1 |
| 3:50 | Trace · wall_segment Palisade Wall x1 |
| 3:51 | Trace · wall_segment Palisade Wall x1 |
| 3:51 | Trace · wall_segment Palisade Wall x1 |
| 3:53 | Trace · wall_segment Palisade Wall x3 |
| 4:24 | Spooder · wall_segment Palisade Wall x1 |
| 4:26 | Jinada · first_building Dock |
| 4:40 | Bambs · first_building Dock |
| 5:27 | Spooder · wall_segment Palisade Wall x10 |
| 5:30 | Vegetex · wall_segment Palisade Wall x1 |
| 5:32 | Furret · first_building Dock |
| 5:39 | Vegetex · wall_segment Palisade Wall x1 |
| 5:41 | Vegetex · wall_segment Palisade Wall x2 |
| 5:44 | Vegetex · wall_segment Palisade Wall x1 |
| 5:46 | Spooder · wall_segment Palisade Wall x12 |
| 5:49 | Spooder · wall_segment Palisade Wall x9 |
| 5:54 | Vegetex · wall_segment Palisade Wall x1 |
| 6:26 | Spooder · wall_segment Palisade Wall x1 |
| 6:28 | Spooder · wall_segment Palisade Wall x1 |
| 6:42 | Trace · wall_segment Palisade Wall x1 |
| 7:28 | Trace · wall_segment Palisade Wall x1 |
| 7:28 | Jinada · wall_segment Palisade Wall x1 |
| 7:37 | Phoetic · first_building Dock |
| 7:41 | Jinada · wall_segment Palisade Wall x1 |
| 7:48 | Jinada · wall_segment Palisade Wall x1 |
| 8:55 | Phoetic · wall_segment Palisade Wall x11 |
| 9:00 | Trace · first_building Dock |
| 9:03 | Spooder · first_building Dock |
| 9:34 | Bambs · wall_segment Palisade Wall x10 |
| 9:56 | Bambs · wall_segment Palisade Wall x5 |
| 10:41 | Furret · first_building Barracks |
| 11:11 | Phoetic · wall_segment Palisade Wall x1 |
| 11:45 | Furret · wall_segment Palisade Wall x1 |
| 11:48 | Jinada · age_up feudal |
| 11:55 | Furret · age_up feudal |
| 11:58 | Bambs · age_up feudal |
| 12:01 | Deathcounter · age_up feudal |
| 12:02 | Furret · first_building Archery Range |
| 12:27 | Deathcounter · wall_segment Stone Wall x13 |
| 12:27 | Spooder · first_building Barracks |
| 12:37 | Vegetex · age_up feudal |
| 12:39 | Spooder · age_up feudal |
| 12:40 | Phoetic · age_up feudal |
| 12:59 | Bambs · first_market_sell 100 wood |
| 13:00 | Bambs · first_market_buy 100 food |
| 13:12 | Spooder · first_building Archery Range |
| 13:14 | Trace · age_up feudal |
| 13:44 | Vegetex · first_building Barracks |
| 14:20 | Trace · wall_segment Palisade Wall x6 |
| 14:33 | Trace · wall_segment Palisade Wall x1 |
| 14:33 | Trace · wall_segment Palisade Wall x1 |
| 14:33 | Trace · wall_segment Palisade Wall x1 |
| 14:34 | Trace · wall_segment Palisade Wall x1 |
| 14:49 | Vegetex · first_building Stable |
| 15:06 | Phoetic · first_market_buy 100 food |
| 15:08 | Trace · wall_segment Palisade Wall x1 |
| 15:22 | Jinada · age_up castle |
| 15:24 | Jinada · first_building Siege Workshop |
| 15:32 | Deathcounter · first_building Barracks |
| 15:40 | Furret · age_up castle |
| 15:43 | Furret · first_building Siege Workshop |
| 15:45 | Bambs · age_up castle |
| 15:49 | Phoetic · wall_segment Palisade Wall x1 |
| 15:56 | Deathcounter · age_up castle |
| 16:09 | Vegetex · age_up castle |
| 16:27 | Bambs · first_building Castle |
| 16:27 | Phoetic · age_up castle |
| 16:30 | Phoetic · first_building Siege Workshop |
| 16:31 | Jinada · first_building Monastery |
| 16:58 | Deathcounter · first_building Stable |
| 17:25 | Trace · wall_segment Palisade Wall x6 |
| 17:32 | Trace · wall_segment Palisade Wall x1 |
| 17:40 | Bambs · wall_segment Stone Wall x11 |
| 18:08 | Bambs · wall_segment Stone Wall x1 |
| 18:10 | Bambs · wall_segment Stone Wall x1 |
| 18:22 | Bambs · first_building Siege Workshop |
| 18:42 | Trace · wall_segment Palisade Wall x12 |
| 18:43 | Trace · wall_segment Palisade Wall x1 |
| 18:44 | Trace · wall_segment Palisade Wall x1 |
| 19:10 | Trace · wall_segment Palisade Wall x6 |
| 19:13 | Jinada · wall_segment Stone Wall x8 |
| 20:04 | Spooder · age_up castle |
| 20:35 | Jinada · wall_segment Palisade Wall x1 |
| 20:44 | Jinada · wall_segment Stone Wall x10 |
| 20:59 | Vegetex · first_building Monastery |
| 21:06 | Deathcounter · first_market_buy 100 food |
| 21:13 | Furret · first_building Stable |
| 21:27 | Trace · wall_segment Palisade Wall x1 |
| 21:34 | Trace · wall_segment Palisade Wall x1 |
| 21:35 | Trace · wall_segment Palisade Wall x1 |
| 21:35 | Bambs · wall_segment Stone Wall x19 |
| 21:35 | Trace · wall_segment Palisade Wall x1 |
| 22:02 | Furret · wall_segment Stone Wall x10 |
| 22:13 | Spooder · first_building Stable |
| 22:39 | Jinada · first_market_sell 100 wood |
| 22:42 | Phoetic · first_building Barracks |
| 22:54 | Jinada · first_building Barracks |
| 24:25 | Spooder · first_market_buy 100 food |
| 24:31 | Spooder · first_market_sell 100 wood |
| 24:37 | Bambs · first_building Monastery |
| 25:03 | Jinada · first_building Castle |
| 25:09 | Deathcounter · first_market_sell 100 wood |
| 25:18 | Phoetic · wall_segment Palisade Wall x1 |
| 25:19 | Phoetic · wall_segment Palisade Wall x1 |
| 25:45 | Jinada · wall_segment Palisade Wall x1 |
| 25:48 | Jinada · wall_segment Palisade Wall x1 |
| 25:55 | Trace · first_market_sell 500 wood |
| 27:06 | Phoetic · first_market_sell 100 stone |
| 27:33 | Phoetic · first_building Castle |
| 27:33 | Spooder · first_building Castle |
| 27:43 | Trace · first_market_buy 500 food |
| 29:35 | Furret · first_building Monastery |
| 29:50 | Furret · first_market_buy 100 food |
| 30:04 | Vegetex · first_building Castle |
| 30:37 | Deathcounter · wall_segment Palisade Wall x8 |
| 30:43 | Trace · wall_segment Palisade Wall x4 |
| 30:57 | Trace · age_up castle |
| 31:30 | Vegetex · first_market_sell 100 food |
| 31:35 | Bambs · wall_segment Stone Wall x12 |
| 32:11 | Deathcounter · wall_segment Palisade Wall x1 |
| 32:13 | Deathcounter · wall_segment Palisade Wall x1 |
| 32:34 | Bambs · first_building Barracks |
| 33:02 | Vegetex · first_market_buy 100 wood |
| 33:17 | Bambs · first_building Archery Range |
| 33:26 | Furret · age_up imperial |
| 34:04 | Spooder · first_building Siege Workshop |
| 34:05 | Furret · first_building Castle |
| 34:20 | Jinada · age_up imperial |
| 34:32 | Bambs · wall_segment Stone Wall x10 |
| 34:39 | Vegetex · age_up imperial |
| 34:55 | Furret · wall_segment Stone Wall x10 |
| 35:00 | Deathcounter · first_building Monastery |
| 35:40 | Bambs · age_up imperial |
| 35:58 | Phoetic · first_building Archery Range |
| 36:17 | Phoetic · age_up imperial |
| 36:26 | Spooder · age_up imperial |
| 36:35 | Vegetex · first_building Archery Range |
| 36:38 | Furret · wall_segment Stone Wall x11 |
| 36:52 | Jinada · first_market_buy 100 stone |
| 37:22 | Bambs · wall_segment Stone Wall x13 |
| 37:41 | Furret · wall_segment Stone Wall x13 |
| 38:18 | Trace · first_building Barracks |
| 38:49 | Jinada · wall_segment Stone Wall x2 |
| 38:55 | Deathcounter · first_building Siege Workshop |
| 39:00 | Trace · first_building Archery Range |
| 39:10 | Vegetex · first_building Siege Workshop |
| 39:45 | Trace · first_building Siege Workshop |
| 39:48 | Trace · first_building Monastery |
| 39:53 | Deathcounter · age_up imperial |
| 40:30 | Furret · tribute_sent a jugador 2 |
| 40:30 | Furret · tribute_sent a jugador 3 |
| 40:30 | Furret · tribute_sent a jugador 4 |
| 40:30 | Furret · tribute_sent a jugador 5 |
| 40:30 | Furret · tribute_sent a jugador 6 |
| 40:30 | Furret · tribute_sent a jugador 7 |
| 40:30 | Furret · tribute_sent a jugador 8 |
| 41:33 | Furret · tribute_sent a jugador 2 |
| 41:33 | Furret · tribute_sent a jugador 3 |
| 41:33 | Furret · tribute_sent a jugador 4 |
| 41:33 | Furret · tribute_sent a jugador 5 |
| 41:33 | Furret · tribute_sent a jugador 6 |
| 41:33 | Furret · tribute_sent a jugador 7 |
| 41:33 | Furret · tribute_sent a jugador 8 |
| 41:51 | Bambs · tribute_sent a jugador 1 |
| 41:51 | Bambs · tribute_sent a jugador 2 |
| 41:51 | Bambs · tribute_sent a jugador 4 |
| 41:51 | Bambs · tribute_sent a jugador 5 |
| 41:51 | Bambs · tribute_sent a jugador 6 |
| 41:51 | Bambs · tribute_sent a jugador 7 |
| 41:51 | Bambs · tribute_sent a jugador 8 |
| 42:01 | Furret · first_market_sell 500 food |
| 43:53 | Trace · age_up imperial |
| 45:13 | Furret · tribute_sent a jugador 2 |
| 45:13 | Furret · tribute_sent a jugador 3 |
| 45:13 | Furret · tribute_sent a jugador 4 |
| 45:13 | Furret · tribute_sent a jugador 5 |
| 45:13 | Furret · tribute_sent a jugador 6 |
| 45:13 | Furret · tribute_sent a jugador 7 |
| 45:13 | Furret · tribute_sent a jugador 8 |
| 45:13 | Trace · tribute_sent a jugador 1 |
| 45:13 | Trace · tribute_sent a jugador 2 |
| 45:13 | Trace · tribute_sent a jugador 3 |
| 45:13 | Trace · tribute_sent a jugador 4 |
| 45:13 | Trace · tribute_sent a jugador 6 |
| 45:13 | Trace · tribute_sent a jugador 7 |
| 45:13 | Trace · tribute_sent a jugador 8 |
| 45:45 | Deathcounter · first_building Castle |
| 47:10 | Furret · tribute_sent a jugador 2 |
| 47:10 | Furret · tribute_sent a jugador 3 |
| 47:10 | Furret · tribute_sent a jugador 4 |
| 47:10 | Furret · tribute_sent a jugador 5 |
| 47:10 | Furret · tribute_sent a jugador 6 |
| 47:10 | Furret · tribute_sent a jugador 7 |
| 47:10 | Furret · tribute_sent a jugador 8 |
| 53:10 | Furret · tribute_sent a jugador 2 |
| 53:10 | Furret · tribute_sent a jugador 3 |
| 53:10 | Furret · tribute_sent a jugador 4 |
| 53:10 | Furret · tribute_sent a jugador 5 |
| 53:10 | Furret · tribute_sent a jugador 6 |
| 53:10 | Furret · tribute_sent a jugador 7 |
| 53:10 | Furret · tribute_sent a jugador 8 |
| 53:16 | Furret · tribute_sent a jugador 2 |
| 53:16 | Furret · tribute_sent a jugador 3 |
| 53:16 | Furret · tribute_sent a jugador 4 |
| 53:16 | Furret · tribute_sent a jugador 5 |
| 53:16 | Furret · tribute_sent a jugador 6 |
| 53:16 | Furret · tribute_sent a jugador 7 |
| 53:16 | Furret · tribute_sent a jugador 8 |
| 54:37 | Trace · first_building Stable |
| 55:16 | Trace · wall_segment Palisade Wall x1 |
| 55:19 | Trace · wall_segment Palisade Wall x1 |
| 55:24 | Trace · wall_segment Palisade Wall x1 |
| 56:55 | Trace · tribute_sent a jugador 1 |
| 56:55 | Trace · tribute_sent a jugador 2 |
| 56:55 | Trace · tribute_sent a jugador 3 |
| 56:55 | Trace · tribute_sent a jugador 4 |
| 56:55 | Trace · tribute_sent a jugador 6 |
| 56:55 | Trace · tribute_sent a jugador 7 |
| 56:55 | Trace · tribute_sent a jugador 8 |
| 56:58 | Furret · tribute_sent a jugador 2 |
| 56:58 | Furret · tribute_sent a jugador 3 |
| 56:58 | Furret · tribute_sent a jugador 4 |
| 56:58 | Furret · tribute_sent a jugador 5 |
| 56:58 | Furret · tribute_sent a jugador 6 |
| 56:58 | Furret · tribute_sent a jugador 7 |
| 56:58 | Furret · tribute_sent a jugador 8 |
| 57:10 | Trace · tribute_sent a jugador 1 |
| 57:10 | Trace · tribute_sent a jugador 2 |
| 57:10 | Trace · tribute_sent a jugador 3 |
| 57:10 | Trace · tribute_sent a jugador 4 |
| 57:10 | Trace · tribute_sent a jugador 6 |
| 57:10 | Trace · tribute_sent a jugador 7 |
| 57:10 | Trace · tribute_sent a jugador 8 |
| 57:16 | Furret · tribute_sent a jugador 2 |
| 57:16 | Furret · tribute_sent a jugador 3 |
| 57:16 | Furret · tribute_sent a jugador 4 |
| 57:16 | Furret · tribute_sent a jugador 5 |
| 57:16 | Furret · tribute_sent a jugador 6 |
| 57:16 | Furret · tribute_sent a jugador 7 |
| 57:16 | Furret · tribute_sent a jugador 8 |
| 57:16 | Jinada · tribute_sent a jugador 1 |
| 57:16 | Jinada · tribute_sent a jugador 2 |
| 57:16 | Jinada · tribute_sent a jugador 3 |
| 57:16 | Jinada · tribute_sent a jugador 4 |
| 57:16 | Jinada · tribute_sent a jugador 5 |
| 57:16 | Jinada · tribute_sent a jugador 6 |
| 57:16 | Jinada · tribute_sent a jugador 7 |
| 57:35 | Furret · tribute_sent a jugador 2 |
| 57:35 | Furret · tribute_sent a jugador 3 |
| 57:35 | Furret · tribute_sent a jugador 4 |
| 57:35 | Furret · tribute_sent a jugador 5 |
| 57:35 | Furret · tribute_sent a jugador 6 |
| 57:35 | Furret · tribute_sent a jugador 7 |
| 57:35 | Furret · tribute_sent a jugador 8 |
| 58:32 | Furret · tribute_sent a jugador 2 |
| 58:32 | Furret · tribute_sent a jugador 3 |
| 58:32 | Furret · tribute_sent a jugador 4 |
| 58:32 | Furret · tribute_sent a jugador 5 |
| 58:32 | Furret · tribute_sent a jugador 6 |
| 58:32 | Furret · tribute_sent a jugador 7 |
| 58:32 | Furret · tribute_sent a jugador 8 |
| 58:48 | Deathcounter · tribute_sent a jugador 1 |
| 58:48 | Deathcounter · tribute_sent a jugador 2 |
| 58:48 | Deathcounter · tribute_sent a jugador 3 |
| 58:48 | Deathcounter · tribute_sent a jugador 4 |
| 58:48 | Deathcounter · tribute_sent a jugador 5 |
| 58:48 | Deathcounter · tribute_sent a jugador 6 |
| 58:48 | Deathcounter · tribute_sent a jugador 8 |
| 59:07 | Bambs · wall_segment Stone Wall x13 |
| 60:27 | Jinada · tribute_sent a jugador 1 |
| 60:27 | Jinada · tribute_sent a jugador 2 |
| 60:27 | Jinada · tribute_sent a jugador 3 |
| 60:27 | Jinada · tribute_sent a jugador 4 |
| 60:27 | Jinada · tribute_sent a jugador 5 |
| 60:27 | Jinada · tribute_sent a jugador 6 |
| 60:27 | Jinada · tribute_sent a jugador 7 |
| 62:28 | Jinada · tribute_sent a jugador 1 |
| 62:28 | Jinada · tribute_sent a jugador 2 |
| 62:28 | Jinada · tribute_sent a jugador 3 |
| 62:28 | Jinada · tribute_sent a jugador 4 |
| 62:28 | Jinada · tribute_sent a jugador 5 |
| 62:28 | Jinada · tribute_sent a jugador 6 |
| 62:28 | Jinada · tribute_sent a jugador 7 |
| 64:17 | Trace · tribute_sent a jugador 1 |
| 64:17 | Trace · tribute_sent a jugador 2 |
| 64:17 | Trace · tribute_sent a jugador 3 |
| 64:17 | Trace · tribute_sent a jugador 4 |
| 64:17 | Trace · tribute_sent a jugador 6 |
| 64:17 | Trace · tribute_sent a jugador 7 |
| 64:17 | Trace · tribute_sent a jugador 8 |
| 64:24 | Jinada · tribute_sent a jugador 1 |
| 64:24 | Jinada · tribute_sent a jugador 2 |
| 64:24 | Jinada · tribute_sent a jugador 3 |
| 64:24 | Jinada · tribute_sent a jugador 4 |
| 64:24 | Jinada · tribute_sent a jugador 5 |
| 64:24 | Jinada · tribute_sent a jugador 6 |
| 64:24 | Jinada · tribute_sent a jugador 7 |
| 65:00 | Spooder · wall_segment Palisade Wall x1 |
| 65:04 | Bambs · wall_segment Stone Wall x12 |
| 65:04 | Spooder · wall_segment Palisade Wall x1 |
| 66:33 | Bambs · wall_segment Stone Wall x11 |
| 66:55 | Spooder · wall_segment Stone Wall x13 |
| 68:02 | Trace · tribute_sent a jugador 1 |
| 68:02 | Trace · tribute_sent a jugador 2 |
| 68:02 | Trace · tribute_sent a jugador 3 |
| 68:02 | Trace · tribute_sent a jugador 4 |
| 68:02 | Trace · tribute_sent a jugador 6 |
| 68:02 | Trace · tribute_sent a jugador 7 |
| 68:02 | Trace · tribute_sent a jugador 8 |
| 68:20 | Bambs · wall_segment Stone Wall x13 |
| 68:38 | Jinada · tribute_sent a jugador 1 |
| 68:38 | Jinada · tribute_sent a jugador 2 |
| 68:38 | Jinada · tribute_sent a jugador 3 |
| 68:38 | Jinada · tribute_sent a jugador 4 |
| 68:38 | Jinada · tribute_sent a jugador 5 |
| 68:38 | Jinada · tribute_sent a jugador 6 |
| 68:38 | Jinada · tribute_sent a jugador 7 |
| 71:18 | Jinada · tribute_sent a jugador 1 |
| 71:18 | Jinada · tribute_sent a jugador 2 |
| 71:18 | Jinada · tribute_sent a jugador 3 |
| 71:18 | Jinada · tribute_sent a jugador 4 |
| 71:18 | Jinada · tribute_sent a jugador 5 |
| 71:18 | Jinada · tribute_sent a jugador 6 |
| 71:18 | Jinada · tribute_sent a jugador 7 |
| 73:58 | Trace · tribute_sent a jugador 1 |
| 73:58 | Trace · tribute_sent a jugador 2 |
| 73:58 | Trace · tribute_sent a jugador 3 |
| 73:58 | Trace · tribute_sent a jugador 4 |
| 73:58 | Trace · tribute_sent a jugador 6 |
| 73:58 | Trace · tribute_sent a jugador 7 |
| 73:58 | Trace · tribute_sent a jugador 8 |
| 74:16 | Phoetic · wall_segment Stone Wall x5 |
| 75:58 | Bambs · wall_segment Stone Wall x7 |
| 76:12 | Jinada · tribute_sent a jugador 1 |
| 76:12 | Jinada · tribute_sent a jugador 2 |
| 76:12 | Jinada · tribute_sent a jugador 3 |
| 76:12 | Jinada · tribute_sent a jugador 4 |
| 76:12 | Jinada · tribute_sent a jugador 5 |
| 76:12 | Jinada · tribute_sent a jugador 6 |
| 76:12 | Jinada · tribute_sent a jugador 7 |
| 76:22 | Spooder · tribute_sent a jugador 1 |
| 76:22 | Spooder · tribute_sent a jugador 2 |
| 76:22 | Spooder · tribute_sent a jugador 3 |
| 76:22 | Spooder · tribute_sent a jugador 4 |
| 76:22 | Spooder · tribute_sent a jugador 5 |
| 76:22 | Spooder · tribute_sent a jugador 7 |
| 76:22 | Spooder · tribute_sent a jugador 8 |
| 77:19 | Bambs · wall_segment Stone Wall x10 |
| 77:25 | Bambs · wall_segment Stone Wall x11 |
| 77:54 | Deathcounter · tribute_sent a jugador 1 |
| 77:54 | Deathcounter · tribute_sent a jugador 2 |
| 77:54 | Deathcounter · tribute_sent a jugador 3 |
| 77:54 | Deathcounter · tribute_sent a jugador 4 |
| 77:54 | Deathcounter · tribute_sent a jugador 5 |
| 77:54 | Deathcounter · tribute_sent a jugador 6 |
| 77:54 | Deathcounter · tribute_sent a jugador 8 |
| 78:21 | Jinada · tribute_sent a jugador 1 |
| 78:21 | Jinada · tribute_sent a jugador 2 |
| 78:21 | Jinada · tribute_sent a jugador 3 |
| 78:21 | Jinada · tribute_sent a jugador 4 |
| 78:21 | Jinada · tribute_sent a jugador 5 |
| 78:21 | Jinada · tribute_sent a jugador 6 |
| 78:21 | Jinada · tribute_sent a jugador 7 |
| 80:27 | Spooder · tribute_sent a jugador 1 |
| 80:27 | Spooder · tribute_sent a jugador 2 |
| 80:27 | Spooder · tribute_sent a jugador 3 |
| 80:27 | Spooder · tribute_sent a jugador 4 |
| 80:27 | Spooder · tribute_sent a jugador 5 |
| 80:27 | Spooder · tribute_sent a jugador 7 |
| 80:27 | Spooder · tribute_sent a jugador 8 |
| 80:35 | Jinada · tribute_sent a jugador 1 |
| 80:35 | Jinada · tribute_sent a jugador 2 |
| 80:35 | Jinada · tribute_sent a jugador 3 |
| 80:35 | Jinada · tribute_sent a jugador 4 |
| 80:35 | Jinada · tribute_sent a jugador 5 |
| 80:35 | Jinada · tribute_sent a jugador 6 |
| 80:35 | Jinada · tribute_sent a jugador 7 |
| 81:02 | Spooder · tribute_sent a jugador 1 |
| 81:02 | Spooder · tribute_sent a jugador 2 |
| 81:02 | Spooder · tribute_sent a jugador 3 |
| 81:02 | Spooder · tribute_sent a jugador 4 |
| 81:02 | Spooder · tribute_sent a jugador 5 |
| 81:02 | Spooder · tribute_sent a jugador 7 |
| 81:02 | Spooder · tribute_sent a jugador 8 |
| 82:41 | Spooder · tribute_sent a jugador 1 |
| 82:41 | Spooder · tribute_sent a jugador 2 |
| 82:41 | Spooder · tribute_sent a jugador 3 |
| 82:41 | Spooder · tribute_sent a jugador 4 |
| 82:41 | Spooder · tribute_sent a jugador 5 |
| 82:41 | Spooder · tribute_sent a jugador 7 |
| 82:41 | Spooder · tribute_sent a jugador 8 |
| 82:50 | Jinada · tribute_sent a jugador 1 |
| 82:50 | Jinada · tribute_sent a jugador 2 |
| 82:50 | Jinada · tribute_sent a jugador 3 |
| 82:50 | Jinada · tribute_sent a jugador 4 |
| 82:50 | Jinada · tribute_sent a jugador 5 |
| 82:50 | Jinada · tribute_sent a jugador 6 |
| 82:50 | Jinada · tribute_sent a jugador 7 |
| 85:22 | Trace · resign |
[ AI ANALYSIS · 1 CREDIT ]
What really happened in this match?
Wolo.gg analyzes every decision: build order, eco, micro, common mistakes by bracket. Personalized analysis on WhatsApp or Discord in 30 seconds.
Civ guide
Teutons
Perfil
Jugador #3164947